Map: Одиссея РВ

Players

ИИ 1 (ученик) - Winner!

  • Race: Terran Terran
  • Spawn Location: 5:00

Doll

  • Race: Zerg Zerg
  • Spawn Location: 11:00

VOD

Have the link to the VOD?

Description

Time

  • Played on: Sept. 17, 2022, 1:47 p.m.
  • Length: 13:01
Show
View Real Time Build Order
Export as new Build Order

ИИ 1 (ученик) Terran - Winner!

Build Orders:  

Get SALT Encoding   

  12  0:00  SCV  
  13  0:14  Supply Depot  
  13  0:17  SCV  
  14  0:30  SCV  
  15  0:41  Barracks  
  15  0:42  SCV  
  16  0:54  SCV  
  17  1:14  Command Center  
  17  1:16  SCV  
  18  1:28  SCV  
  18  1:30  Marine  
  20  1:37  Barracks  
  20  1:47  SCV  
  20  1:48  Marine  
  20  1:49  Supply Depot  
  22  2:00  Orbital Command  
  22  2:06  Marine  
  22  2:07  Refinery  
  23  2:22  Barracks  
  23  2:24  Marine x2  
  23  2:26  SCV  
  26  2:32  SCV  
  27  2:43  Marine  
  28  2:44  Orbital Command  
  28  2:48  Marine  
  28  2:49  SCV  
  30  2:53  Refinery  
  30  3:00  Marine  
  30  3:01  SCV  
  32  3:05  Marine  
  32  3:08  Barracks Tech Lab  
  32  3:10  SCV  
  34  3:13  SCV  
  34  3:18  Marine  
  36  3:22  SCV  
  36  3:23  Marine  
  36  3:25  SCV  
  41  3:27  Marauder  
  41  3:28  Factory  
  41  3:34  SCV  
  41  3:37  Barracks Tech Lab, SCV  
  43  3:41  Marine  
  43  3:46  SCV, Supply Depot  
  43  3:48  Marine  
  40  3:58  Marine  
  40  3:59  Marine  
  41  4:05  Marine  
  42  4:10  Bunker  
  42  4:12  Stimpack  
  42  4:14  SCV  
  42  4:16  Marine  
  42  4:17  Marine  
  44  4:21  Supply Depot  
  44  4:23  Marine  
  46  4:26  Engineering Bay  
  46  4:29  Engineering Bay  
  46  4:32  Factory Tech Lab  
  46  4:35  Barracks Tech Lab  
  46  4:41  SCV  
  46  4:43  SCV, Starport  
  48  4:46  Marauder  
  48  4:51  Marauder  
  52  4:56  SCV, Marauder  
  52  4:58  SCV  
  56  5:02  Supply Depot  
  56  5:07  Marine  
  56  5:08  SCV  
  56  5:10  SCV  
  56  5:12  Marine  
  56  5:14  Supply Depot  
  60  5:21  Medivac  
  62  5:28  Command Center  
  62  5:32  Combat Shield  
  62  5:33  SCV  
  62  5:34  SCV  
  64  5:41  Marine  
  65  5:45  Barracks  
  65  5:47  Marauder  
  67  5:53  Marauder  
  67  5:54  SCV  
  67  5:55  Starport Reactor, Barracks  
  70  5:59  Concussive Shells, SCV  
  70  6:00  Supply Depot  
  71  6:05  Supply Depot  
  71  6:08  Refinery  
  71  6:09  Refinery, Marine  
  72  6:13  SCV  
  72  6:14  Marine  
  72  6:15  SCV  
  75  6:19  Marine  
  76  6:27  Marine  
  76  6:29  SCV  
  76  6:30  SCV  
  76  6:31  Medivac  
  76  6:32  Marine  
  82  6:34  Marine  
  82  6:35  Supply Depot  
  82  6:37  Medivac  
  82  6:39  Marine  
  86  6:44  Bunker, Marine  
  87  6:53  SCV  
  88  6:55  SCV  
  88  6:58  Refinery  
  89  7:05  Marauder  
  91  7:10  Marine  
  91  7:11  SCV x2  
  91  7:12  Refinery, Orbital Command  
  91  7:14  Armory, Barracks Tech Lab x2  
  96  7:15  Marauder  
  96  7:19  Medivac  
  96  7:21  Barracks, Medivac  
  100  7:24  SCV  
  100  7:26  SCV, Marine  
  103  7:32  Supply Depot, Marine  
  103  7:37  SCV  
  105  7:38  Marauder  
  105  7:42  Marine  
  108  7:45  SCV  
  108  7:47  SCV, Marine  
  108  7:49  Ghost Academy, SCV  
  112  7:53  Terran Infantry Weapons Level 1  
  112  7:57  Supply Depot  
  112  8:00  Terran Infantry Armor Level 1  
  112  8:01  Marine  
  113  8:06  Marine  
  113  8:11  Marine  
  113  8:12  SCV  
  116  8:13  SCV  
  116  8:15  SCV  
  116  8:16  Barracks Tech Lab, Marine  
  119  8:21  Supply Depot, Marine  
  119  8:24  SCV  
  123  8:27  Hellion  
  123  8:32  Marauder  
  125  8:35  Factory  
  125  8:40  Starport  
  127  8:41  Marauder  
  127  8:42  Supply Depot  
  127  8:46  SCV x2, Marauder  
  127  8:48  SCV  
  132  8:49  Hellion  
  134  8:58  SCV  
  134  9:00  Command Center  
  135  9:07  SCV  
  135  9:09  SCV  
  137  9:10  SCV, Siege Tank  
  141  9:19  Ghost, SCV  
  141  9:21  SCV  
  141  9:23  SCV  
  146  9:26  Marauder  
  146  9:29  Marauder  
  113  9:31  Personal Cloaking  
  108  9:39  Armory  
  108  9:40  Factory Tech Lab, Factory  
  108  9:42  Siege Tank  
  106  9:51  Fusion Core, Terran Infantry Weapons Level 2  
  104  9:53  Ghost  
  104  9:57  Terran Infantry Armor Level 2  
  104  9:59  Siege Tank  
  103  10:08  Terran Vehicle Weapons Level 1  
  103  10:09  Starport Tech Lab, Starport  
  103  10:14  Siege Tank  
  103  10:18  Viking  
  108  10:24  Factory Tech Lab, Command Center  
  108  10:27  Terran Vehicle And Ship Armor Level 1  
  108  10:28  Ghost  
  108  10:30  Thor  
  116  10:40  Raven  
  118  10:45  Refinery  
  118  10:47  Refinery  
  118  10:48  Missile Turret  
  118  10:50  Missile Turret, Marine  
  118  10:51  Sensor Tower  
  118  10:53  Starport Tech Lab, Marine  
  118  10:56  Marine  
  121  10:59  Marine  
  121  11:02  Marine  
  119  11:05  Marine  
  119  11:08  Siege Tank  
  117  11:12  SCV  
  117  11:16  Siege Tank  
  121  11:23  Command Center  
  121  11:28  Siege Tank  
  124  11:38  Ghost  
  126  11:49  Refinery  
  126  11:50  Refinery  
  126  11:53  Missile Turret  
  126  11:54  Thor  
  126  11:55  Missile Turret, Orbital Command  
  126  11:59  Missile Turret  
  132  12:01  Missile Turret  
  132  12:03  Sensor Tower  
  132  12:05  Missile Turret  
  132  12:07  Missile Turret  
  132  12:10  Bunker  
  132  12:12  Sensor Tower  
  132  12:13  SCV x2  
  134  12:16  Sensor Tower  
  134  12:24  Factory  
  134  12:48  Bunker  
Show
View Real Time Build Order
Export as new Build Order

Doll Zerg 

Build Orders: 1 Base Baneling Bust, Pool First 

Get SALT Encoding   

  12  0:01  Drone  
  13  0:14  Overlord  
  13  0:20  Drone  
  14  0:36  Spawning Pool  
  14  0:39  Extractor  
  14  0:41  Drone  
  13  0:45  Drone  
  14  0:54  Overlord  
  14  0:59  Drone  
  15  1:07  Drone  
  16  1:15  Drone  
  17  1:26  Baneling Nest  
  17  1:28  Drone  
  17  1:38  Zergling x2  
  18  1:40  Queen  
  20  1:48  Zergling x2  
  21  1:59  Zergling x2  
  22  2:09  Zergling x2  
  22  2:12  Baneling x2  
  22  2:13  Baneling x2  
  23  2:20  Zergling x2  
  24  2:23  Baneling x2  
  24  2:34  Zergling x2  
  25  2:38  Hatchery  
  25  2:41  Zergling x2  
  25  2:54  Drone x3  
  28  3:04  Drone  
  29  3:12  Overlord  
  29  3:20  Roach Warren  
  29  3:24  Lair  
  29  3:26  Drone  
  29  3:31  Drone  
  30  3:40  Drone x3  
  32  3:45  Drone  
  29  3:52  Queen  
  30  3:57  Zergling x2  
  30  4:00  Zergling x2  
  31  4:04  Drone  
  31  4:07  Drone  
  31  4:09  Drone  
  34  4:13  Metabolic Boost  
  34  4:18  Extractor  
  34  4:20  Drone  
  34  4:21  Drone  
  35  4:28  Drone  
  35  4:29  Spine Crawler  
  35  4:34  Queen  
  37  4:40  Drone x2  
  37  4:42  Drone  
  40  4:45  Overlord  
  40  4:50  Drone  
  40  4:51  Drone  
  42  4:54  Drone  
  42  4:56  Zergling x2  
  44  5:02  Overlord  
  44  5:05  Zergling x4  
  44  5:06  Zergling x2  
  47  5:09  Drone  
  48  5:14  Queen  
  48  5:17  Zergling x2  
  48  5:18  Zergling x2  
  52  5:22  Overseer  
  52  5:23  Overseer  
  52  5:25  Pneumatized Carapace  
  52  5:30  Centrifugal Hooks  
  52  5:32  Zergling x2  
  52  5:33  Zergling x2  
  54  5:37  Zergling x4  
  54  5:40  Overlord  
  56  5:43  Drone  
  56  5:44  Drone  
  58  5:51  Drone  
  58  5:54  Spine Crawler  
  58  5:55  Overlord  
  58  5:56  Zergling x2  
  59  5:58  Baneling x4  
  59  5:59  Baneling  
  59  6:00  Baneling  
  59  6:01  Baneling  
  59  6:02  Baneling  
  59  6:03  Baneling  
  59  6:05  Extractor  
  59  6:06  Extractor  
  59  6:07  Drone  
  59  6:08  Drone  
  59  6:10  Drone  
  60  6:11  Drone  
  60  6:14  Baneling  
  60  6:15  Baneling x2  
  60  6:16  Baneling x2  
  61  6:19  Drone  
  61  6:20  Drone  
  63  6:34  Drone x2  
  63  6:36  Drone  
  63  6:37  Hatchery  
  63  6:38  Drone  
  66  6:48  Spire  
  66  6:49  Zergling x2  
  66  6:50  Zergling x2  
  66  6:52  Zergling x2  
  68  6:56  Queen  
  68  6:58  Overseer  
  70  7:04  Drone x2  
  70  7:05  Drone  
  73  7:10  Queen  
  73  7:11  Evolution Chamber  
  74  7:17  Drone, Hydralisk Den  
  74  7:18  Drone  
  74  7:19  Drone  
  76  7:23  Baneling x2  
  76  7:24  Baneling x3  
  76  7:25  Baneling  
  76  7:26  Baneling  
  76  7:29  Overlord  
  76  7:35  Overlord  
  76  7:38  Zerg Ground Armor Level 1  
  76  7:45  Overlord  
  76  7:48  Zergling x10  
  76  7:50  Zergling x2  
  82  7:55  Hydralisk  
  82  7:56  Hydralisk  
  86  7:59  Hydralisk  
  86  8:03  Drone  
  86  8:04  Drone  
  90  8:07  Drone  
  90  8:08  Drone  
  90  8:09  Drone  
  90  8:10  Drone  
  94  8:17  Drone, Extractor  
  94  8:18  Drone x2  
  94  8:19  Extractor  
  95  8:23  Drone  
  95  8:25  Baneling x7  
  95  8:26  Baneling x3  
  96  8:29  Zergling x2  
  96  8:31  Zergling x2  
  96  8:32  Hydralisk  
  100  8:36  Drone  
  100  8:37  Drone x2  
  100  8:39  Hydralisk  
  105  8:42  Overlord  
  105  8:46  Infestation Pit  
  104  8:50  Overlord  
  104  8:51  Evolution Chamber  
  104  8:55  Overlord x2  
  103  9:01  Hydralisk x2  
  107  9:03  Hydralisk  
  107  9:06  Hydralisk  
  107  9:08  Hydralisk  
  113  9:10  Drone  
  113  9:11  Drone  
  113  9:13  Drone  
  113  9:14  Hydralisk  
  118  9:17  Hydralisk  
  118  9:21  Hydralisk  
  122  9:26  Hydralisk  
  122  9:27  Hydralisk  
  122  9:30  Queen  
  98  9:44  Hydralisk x2  
  98  9:45  Drone x2  
  102  9:46  Drone x2  
  102  9:48  Queen  
  102  9:51  Hydralisk x2  
  102  9:52  Hydralisk  
  107  10:29  Glial Reconstitution  
  107  10:32  Hive  
Tags
 
Add a new tag
Caveats
  • Supply blocks, unpowered buildings, or Contaminate may cause inaccurate times.
  • Supply counts are checked every 10 seconds.